 Dungeon Crawl Stone Soup version 0.30-a0-137-gd8773701ce (webtiles) character file.

Game seed: 13454011367265169232

50766 Flugkiller the Thaumaturge (level 14, 0/101 HPs)
             Began as a Djinni Fire Elementalist on Sept 22, 2022.
             Was a Priest of Uskayaw.
             Blown up by an eye of devastation (34 damage)
             ... with a bolt of energy
             ... on level 5 of the Lair of Beasts.
             The game lasted 00:39:57 (27929 turns).

Flugkiller the Thaumaturge (DjFE)                  Turns: 27929, Time: 00:39:58

Health: 0/101      AC: 18    Str:  8    XL:     14   Next: 99%
Gold:   839        EV: 17    Int: 18    God:    Uskayaw [***...] SH:  0 Dex: 25

rFire   + + +      SeeInvis .    A - +3 great sword (drain)
rCold   x x .      Faith    .    (shield currently unavailable)
rNeg    . . .      Spirit   .    W - +0 acid dragon scales
rPois   ∞          Reflect  .    y - +2 helmet
rElec   .          Harm     .    O - +0 cloak
rCorr   +          Rampage  .    R - +2 pair of gloves
Will    +....                    (boots unavailable)
Stlth   ++........               J - amulet of the acrobat
HPRegen 0.26/turn                x - ring of fire
MPRegen 0.00/turn                T - +6 ring of dexterity

@: flying
A: sickness immunity, fire resistance 2, cold vulnerability 1, float, innate
caster, HP casting, extra vitality 1, iridescent scales 1, agile 1, screaming 1
a: Renounce Religion, Stomp, Line Pass


You were on level 5 of the Lair of Beasts.
You worshipped Uskayaw.
Uskayaw was noncommittal.
You visited 3 branches of the dungeon, and saw 17 of its levels.
You also visited: Ossuary.

You collected 1077 gold pieces.
You spent 238 gold pieces at shops.

Inventory:

Hand Weapons
 A - a +3 great sword of draining (weapon)
   (You took it off a wight on level 5 of the Dungeon)
 E - a +4 scimitar of flaming
   (You took it off Erica on level 2 of the Lair of Beasts)
Missiles
 I - 2 throwing nets
Armour
 h - a +2 kite shield of poison resistance
   (You took it off a gnoll sergeant on level 11 of the Dungeon)
 p - a +2 robe of cold resistance
   (You took it off Fannar on level 11 of the Dungeon)
 y - a +2 helmet (worn)
   (You found it on level 1 of the Dungeon)
 D - the +11 chain mail of Leabots {Dex+3}
   (You found it on level 2 of the Dungeon)

   Dex:       It affects your dexterity (+3).
 O - a +0 cloak (worn)
   (You took it off Maurice on level 8 of the Dungeon)
 R - a +2 pair of gloves (worn)
   (You found it on level 9 of the Dungeon)
 W - +0 acid dragon scales (worn)
   (You found it on level 8 of the Dungeon)
Jewellery
 c - a ring of willpower
   (You found it on level 1 of the Lair of Beasts)
 m - a ring of willpower
   (You found it on level 6 of the Dungeon)
 v - a +4 ring of evasion
   (You found it on level 2 of the Lair of Beasts)
 x - a ring of fire (left hand)
   (You found it on level 2 of the Lair of Beasts)
 J - an amulet of the acrobat (around neck)
   (You took it off an orc on level 7 of the Dungeon)
 K - a ring of resist corrosion
   (You found it on level 8 of the Dungeon)
 L - an amulet of regeneration
   (You found it on level 3 of the Lair of Beasts)
 N - a ring of ice
   (You took it off Fannar on level 11 of the Dungeon)
 P - a ring of willpower
   (You found it on level 9 of the Dungeon)
 T - a +6 ring of dexterity (right hand)
   (You found it on level 9 of the Dungeon)
Wands
 f - a wand of polymorph (10)
   (You took it off Maurice on level 8 of the Dungeon)
 j - a wand of roots (19)
   (You found it on level 2 of the Dungeon)
 F - a wand of flame (38)
   (You found it on level 6 of the Dungeon)
 H - a wand of paralysis (8)
   (You found it on level 7 of the Dungeon)
 M - a wand of light (8)
   (You found it on level 1 of the Lair of Beasts)
 V - a wand of mindburst (17)
   (You found it on level 11 of the Dungeon)
Scrolls
 b - 2 scrolls of enchant armour
 d - 2 scrolls of enchant weapon
 i - 2 scrolls of fear
 o - 2 scrolls of butterflies
 s - 3 scrolls of poison
 t - 3 scrolls of teleportation
 u - a scroll of immolation
 z - 2 scrolls of blinking
 G - 3 scrolls of vulnerability
 S - 2 scrolls of torment
Potions
 a - 2 potions of ambrosia
 e - 3 potions of lignification
 k - 3 potions of brilliance
 l - a potion of mutation
 n - 4 potions of resistance
 q - 3 potions of curing
 B - a potion of cancellation
 C - 4 potions of attraction
 Q - a potion of might {unknown}


   Skills:
 - Level 9.0 Fighting
 - Level 8.2 Long Blades
 - Level 9.1 Armour
 - Level 8.0 Dodging
 - Level 1.5 Stealth
 + Level 13.4 Spellcasting
 - Level 8.0 Evocations


You had 7 spell levels left.
You knew the following spells:

 Your Spells              Type           Power      Damage    Failure   Level
a - Foxfire               Conj/Fire      100%       2x1d9     1%          1
b - Scorch                Fire           100%       2d10      1%          2
c - Kindle Blastsparks    Fire/Tloc/Air  100%       2d18      1%          3
d - Inner Flame           Hex/Fire       74%        N/A       1%          3
e - Flame Wave            Conj/Fire      74%        2d16      1%          4
f - Slow                  Hex            100%       N/A       1%          1
g - Wereblood             Tmut           57%        N/A       1%          2
h - Mephitic Cloud        Conj/Pois/Air  57%        N/A       1%          3
i - Anguish               Hex/Necr       28%        N/A       1%          4
j - Leda's Liquefaction   Hex/Erth       28%        N/A       1%          4
k - Alistair's Intoxicat  Tmut/Pois      38%        N/A       1%          5
Your spell library was empty.

Dungeon Overview and Level Annotations

Branches:
Dungeon (11/15) Zot: 23091  Temple (1/1) D:6 Zot: 5916    Lair (5/5) D:11 Zot: 22808
 Shoals (0/4) Lair:3        Snake (0/4) Lair:3      Ossuary (visited)
  Slime: Lair:4-5       Orc: D:9-12

Altars:
Ashenzari
Cheibriados
Dithmenos
Elyvilon
Fedhas
Hepliaklqana
Makhleb
Nemelex Xobeh
Okawaru
Qazlal
Ru
Trog
Uskayaw
Xom
Yredelemnul
Zin

Shops:
D:4 [   D:6 ?

Annotations:
D:4 2 transporters, p0werm0de's ghost, novice MeCK
D:5 3 runed translucent doors, ThreePoint314's ghost, amateur KoDe
D:6 2 transporters, Potemkin's ghost, novice DsCK
Lair:1 1 runed translucent door, Nedank's ghost, journeyman NaNe


Innate Abilities, Weirdness & Mutations

You are immune to sickness and miasma.
You are immune to poison.
Your flesh is very heat resistant. (rF++)
You are vulnerable to cold. (rC-)
You float through the air rather than walking.
You learn spells naturally, not from books.
Your magical power is your life essence.
You have superior vitality. (+4 MHP)
You are partially covered in iridescent scales. (AC +2)
You are agile. (Dex +4, Str/Int -1)
You occasionally shout uncontrollably at your foes.


Message History

Aim: a cane toad (heavily wounded, covering ground slowly, chance to affect: 87%)
The cane toad's mind is blasted!!
You blow up the cane toad!
Aiming: Mindburst
Press: ? - help, Shift-Dir - straight line, f - cane toad
Aim: a cane toad (covering ground slowly, chance to affect: 87%)
The cane toad's mind is blasted!!!
You blow up the cane toad!
Okay, then.
You start resting.
A cane toad comes into view.
You see here a yak corpse.
You can no longer pass through a line of other dancers.
Found a wand of flame (12).
You start resting.
The ground is no longer liquid beneath you.
You start resting.
A wolf comes into view.
The wolf howls!
A wolf comes into view.
The wolf misses you.
You closely miss the wolf.
A wolf comes into view.
You yell at the wolf!
The wolf closely misses you. The wolf misses you.
The wolf howls!
You barely miss the wolf. The wolf closely misses you. The wolf misses you.
You slice the wolf!!
You kill the wolf!
You hit the wolf. You drain the wolf.
The wolf is moderately wounded.
The wolf closely misses you.
An eye of devastation comes into view.
The wolf closely misses you. The wolf misses you.
The wolf completely misses you.
Casting: Flame Wave (safe; 1% risk of failure)
Confirm with . or Enter, or press ? or * to list all spells.
You feel a surge of power!
A wave of flame ripples out!
The flame wave engulfs the wolf!!
You kill the wolf!
The flame wave engulfs the wolf!
The wolf is moderately wounded. (Press . to intensify the flame waves.)
The wolf misses you. x2
You can now pass through a line of other dancers.
A wave of flame ripples out!
The flame wave engulfs the wolf!!
You kill the wolf!
A wave of flame ripples out!
The flame wave engulfs the plant!
The plant begins to die.
The plant is lightly damaged.
You finish channelling waves of flame.
An eye of devastation is nearby!
The eye of devastation gazes at you. The bolt of energy misses you.
You see here a wolf corpse.
Casting: Flame Wave (safe; 1% risk of failure)
Confirm with . or Enter, or press ? or * to list all spells.
You can't see any susceptible monsters within range! (Use Z to cast anyway.) Unknown command.
Casting: Flame Wave (safe; 1% risk of failure)
Confirm with . or Enter, or press ? or * to list all spells.
You can't see any susceptible monsters within range! (Use Z to cast anyway.)
Aiming: Bolt of Light
Press: ? - help, Shift-Dir - straight line, f - you
Okay, then.
The eye of devastation gazes at you. The bolt of energy misses you.
A nearby plant withers and dies.
Aiming: Fastroot
Press: ? - help, Shift-Dir - straight line, f - eye of devastation
Aim: an eye of devastation The roots erupt in riotous growth!
Roots grab the eye of devastation.
The grasping roots constrict the eye of devastation!
The eye of devastation gazes at you. The bolt of energy hits you!!
Aiming: Bolt of Light
Press: ? - help, Shift-Dir - straight line, f/p - eye of devastation
Aim: an eye of devastation (lightly wounded, constricted by roots, 100% to hit)
The bolt of light hits the eye of devastation!
The eye of devastation is heavily wounded.
The eye of devastation is blinded.
The grasping roots constrict the eye of devastation.
Uskayaw will force your foes to helplessly watch your dance.
Uskayaw prepares the audience for your solo!
Aiming: Bolt of Light
Press: ? - help, Shift-Dir - straight line, f/p - eye of devastation
Aim: an eye of devastation (heavily wounded, wandering, paralysed, blind, constricted by roots, hasn't noticed you, 100% to hit)
The bolt of light hits the eye of devastation!
The eye of devastation is severely wounded.
The grasping roots constrict the eye of devastation, but do no damage.
The eye of devastation is no longer paralysed.
The eye of devastation struggles to escape constriction.
The grasping roots constrict the eye of devastation!
The roots release their grip on the eye of devastation.
You hit the eye of devastation but do no damage.
The eye of devastation is almost dead.
The eye of devastation gazes at you. The bolt of energy hits you!!
You die...

....... ...../....
####......#.
#..........##
#####..........#
#P...........#.#
#............G.#
##..........†.@##
#.#.............#
.#............#.#
...........###†.##
.......†††.# ##.#
.......#.### ###
....###### #..P
#..


You could see an eye of devastation (blind).

Vanquished Creatures
  Nessos (Lair:5)
  Erolcha (D:10)
  Fannar (D:11)
  A hydra (Lair:3)
  Erica (Lair:2)
  4 two-headed ogres
  4 boulder beetles (D:11)
  11 death yaks
  Sonja (Lair:5)
  An ugly thing (D:11)
  16 elephants
  Maurice (D:8)
  3 black mambas
  A torpor snail (Lair:5)
  A gargoyle (D:11)
  7 komodo dragons
  15 cane toads
  3 trolls
  2 polar bears
  A merfolk (Lair:3)
  12 blink frogs
  A slime creature (D:11)
  A hornet (D:9)
  9 dream sheep
  A vampire (D:10)
  A shadow (D:11)
  5 wyverns
  A wraith (D:11)
  An unseen horror simulacrum (D:8)
  A steam dragon (Lair:1)
  37 yaks
  A basilisk (Lair:2)
  3 acid dragons
  9 nagas (Lair:3)
  A warg (Lair:5)
  20 water moccasins
  A floating eye (Lair:5)
  Duvessa (D:4)
  A black bear (D:6)
  3 orc warriors
  7 ice beasts
  8 wolves
  4 centaurs
  An ogre (D:7)
  A phantom (D:6)
  A kobold brigand (D:7)
  2 elf zombies (Ossuary)
  8 bullfrogs
  A necrophage (D:7)
  A scorpion (D:4)
  2 gnoll sergeants (D:11)
  13 wights
  Dowan (D:4)
  14 killer bees
  4 electric eels
  3 howler monkeys (D:8)
  3 human zombies (Ossuary)
  A hound (D:4)
  2 jellies
  An iguana (D:5)
  2 orc priests
  4 hell rats (D:11)
  7 orc wizards
  2 centaur simulacra (D:8)
  A hound zombie (Ossuary)
  3 mummies (Ossuary)
  A killer bee simulacrum (D:8)
  8 gnolls
  8 adders
  2 river rats (D:11)
  2 shadow imps
  18 white imps
  5 ufetubi
  6 adder zombies (Ossuary)
  3 worms
  A dart slug (D:2)
  21 orcs
  4 endoplasms
  7 giant cockroaches
  A gnoll zombie (Ossuary)
  9 goblins
  10 hobgoblins
  2 jackals (D:3)
  3 quokkas
  6 ball pythons
  A bat (D:3)
  3 frilled lizards
  3 goblin zombies (Ossuary)
  9 hobgoblin zombies (Ossuary)
  14 kobolds
  A kobold zombie (Ossuary)
  2 orc zombies (Ossuary)
  3 quokka zombies (Ossuary)
  7 rats
  4 rat zombies (Ossuary)
  A bush (Lair:4)
448 creatures vanquished.

Vanquished Creatures (collateral kills)
  A vampire (D:10)
  A killer bee (D:9)
2 creatures vanquished.

Vanquished Creatures (others)
  An elephant (Lair:1)
  597 foxfires
  36 fungi
  56 plants
690 creatures vanquished.

Grand Total: 1140 creatures vanquished

Notes
Turn   | Place    | Note
-------+----------+-------------------------------------------
     0 | D:1      | Flugkiller the Djinni Fire Elementalist began the quest for
                  | the Orb.
     0 | D:1      | Flugkiller set off with the following spells memorised:
                  | Foxfire, Scorch, Kindle Blastsparks, Inner Flame, Flame
                  | Wave.
     0 | D:1      | Reached XP level 1. HP: 15/15 MP: 0/0
   241 | D:1      | Reached XP level 2. HP: 21/21 MP: 0/0
   339 | D:1      | Reached skill level 3 in Spellcasting
   602 | D:1      | Found a faded altar of an unknown god.
   602 | D:1      | Noticed a crimson imp
   710 | D:1      | You are sucked into a shaft and drop 1 floor!
   715 | D:2      | Reached XP level 3. HP: 22/25 MP: 0/0
   715 | D:2      | Learned a level 1 spell: Slow
  1227 | D:2      | Identified the +11 chain mail of Leabots {Dex+3}
  2114 | D:3      | Reached XP level 4. HP: 27/31 MP: 0/0
  2870 | D:4      | Found a sand-covered staircase.
  2877 | Ossuary  | Entered an ossuary
  2896 | Ossuary  | Reached skill level 4 in Spellcasting
  2896 | Ossuary  | Reached XP level 5. HP: 23/35 MP: 0/0
  2896 | Ossuary  | Learned a level 2 spell: Wereblood
  3246 | Ossuary  | Reached XP level 6. HP: 22/40 MP: 0/0
  3330 | Ossuary  | Reached skill level 5 in Spellcasting
  4481 | Ossuary  | Reached XP level 7. HP: 33/45 MP: 0/0
  4481 | Ossuary  | Learned a level 3 spell: Mephitic Cloud
  4779 | D:4      | Found Emnabu Qyrhu's Armour Shoppe.
  4787 | D:4      | Noticed Dowan
  4788 | D:4      | Noticed Duvessa
  4802 | D:4      | Killed Duvessa
  4803 | D:4      | Reached skill level 6 in Spellcasting
  4806 | D:4      | Killed Dowan
  5087 | D:4      | Found a transporter.
  5089 | D:4      | Noticed p0werm0de's ghost (novice MeCK)
  5091 | D:4      | Found a transporter.
  5746 | D:5      | Entered Level 5 of the Dungeon
  5773 | D:5      | Reached XP level 8. HP: 44/50 MP: 0/0
  5786 | D:5      | Reached skill level 7 in Spellcasting
  5863 | D:5      | Found a runed translucent gate.
  5867 | D:5      | Found a runed translucent gate.
  5869 | D:5      | Found a runed translucent gate.
  5870 | D:5      | Noticed ThreePoint314's ghost (amateur KoDe)
  6536 | D:5      | Reached skill level 8 in Spellcasting
  6608 | D:5      | Found a sparkling altar of Nemelex Xobeh.
  6827 | D:5      | Noticed a yak
  6843 | D:5      | Killed a yak
  6844 | D:5      | Reached XP level 9. HP: 8/55 MP: 0/0
  6844 | D:5      | Learned a level 4 spell: Anguish
  6923 | D:5      | Noticed a komodo dragon
  7164 | D:5      | Identified the +7 chain mail of Charity {rPois rC+ Will-}
  7279 | D:5      | Killed a komodo dragon
  7280 | D:5      | Reached skill level 9 in Spellcasting
  7977 | D:6      | Noticed a hornet
  7996 | D:6      | Found a transporter.
  8001 | D:6      | Found a transporter.
  8003 | D:6      | Noticed Potemkin's ghost (novice DsCK)
  8145 | D:6      | Found a staircase to the Ecumenical Temple.
  8164 | D:6      | Found Quuqellipn's Magic Scroll Shoppe.
  8170 | D:6      | Bought a scroll of enchant armour for 105 gold pieces
  8170 | D:6      | Bought a scroll of brand weapon for 133 gold pieces
  8325 | D:6      | Reached skill level 1 in Fighting
  8325 | D:6      | Reached skill level 1 in Long Blades
  8325 | D:6      | Reached skill level 1 in Armour
  8829 | D:7      | Reached skill level 1 in Evocations
  8960 | D:7      | Found a white marble altar of Elyvilon.
  9439 | Temple   | Entered the Ecumenical Temple
  9507 | Temple   | Became a worshipper of Uskayaw the Reveller
  9584 | D:7      | Reached * piety under Uskayaw
  9589 | D:7      | Reached ** piety under Uskayaw
  9868 | D:7      | Reached *** piety under Uskayaw
  9871 | D:7      | Reached XP level 10. HP: 40/65 MP: 0/0
 10915 | D:8      | Reached **** piety under Uskayaw
 10942 | D:8      | HP: 2/67 [centaur/arrow (7)]
 11792 | D:8      | Reached ***** piety under Uskayaw
 12596 | D:8      | Noticed a two-headed ogre
 12628 | D:8      | Killed a two-headed ogre
 12662 | D:8      | Noticed a death yak
 13316 | D:9      | Reached skill level 5 in Fighting
 13316 | D:9      | Reached skill level 5 in Armour
 13317 | D:9      | Reached skill level 5 in Evocations
 13317 | D:9      | Reached XP level 11. HP: 50/75 MP: 0/0
 13317 | D:9      | Learned a level 4 spell: Leda's Liquefaction
 13369 | D:9      | Noticed Maurice
 13597 | D:8      | Killed Maurice
 13598 | D:8      | Reached skill level 5 in Long Blades
 15249 | D:9      | Found a sacrificial altar of Ru.
 15330 | D:10     | Entered Level 10 of the Dungeon
 16224 | D:10     | Noticed Erolcha
 16724 | D:10     | Killed Erolcha
 17018 | D:11     | Noticed a two-headed ogre
 17037 | D:11     | Killed a two-headed ogre
 17188 | D:11     | Noticed a cyan ugly thing
 17195 | D:11     | HP: 1/79 [cyan ugly thing (13)]
 17688 | D:11     | Killed a cyan ugly thing
 17696 | D:11     | Reached XP level 12. HP: 19/85 MP: 0/0
 18014 | D:11     | Noticed a boulder beetle
 18037 | D:11     | Killed a boulder beetle
 18037 | D:11     | Noticed a two-headed ogre
 18041 | D:11     | Killed a two-headed ogre
 18332 | D:11     | Noticed a two-headed ogre
 18332 | D:11     | Noticed a boulder beetle
 18334 | D:11     | Noticed a boulder beetle
 18343 | D:11     | Killed a two-headed ogre
 18357 | D:11     | Killed a boulder beetle
 18377 | D:11     | Killed a boulder beetle
 18717 | D:11     | Noticed Fannar
 18724 | D:11     | Noticed a death yak
 18726 | D:11     | Noticed a death yak
 18729 | D:11     | Noticed a death yak
 19316 | D:11     | Noticed a boulder beetle
 19346 | D:11     | Killed a boulder beetle
 19912 | D:11     | Gained mutation: You have a somewhat thin skeletal
                  | structure. (Dex +2, Stealth+) [potion of mutation]
 19912 | D:11     | Gained mutation: You occasionally lose the ability to read
                  | scrolls when taking damage. [potion of mutation]
 19913 | D:11     | Lost mutation: You have a somewhat thin skeletal structure.
                  | (Dex +2, Stealth+) [potion of mutation]
 19913 | D:11     | Lost mutation: You occasionally lose the ability to read
                  | scrolls when taking damage. [potion of mutation]
 19913 | D:11     | Gained mutation: You are occasionally teleported next to
                  | monsters. [potion of mutation]
 19913 | D:11     | Gained mutation: Your mind is acute. (Int +4, Str/Dex -1)
                  | [potion of mutation]
 19914 | D:11     | Lost mutation: You are occasionally teleported next to
                  | monsters. [potion of mutation]
 19914 | D:11     | Lost mutation: Your mind is acute. (Int +4, Str/Dex -1)
                  | [potion of mutation]
 19914 | D:11     | Gained mutation: You are partially covered in iridescent
                  | scales. (AC +2) [potion of mutation]
 19914 | D:11     | Gained mutation: You occasionally shout uncontrollably at
                  | your foes. [potion of mutation]
 19914 | D:11     | Gained mutation: You are agile. (Dex +4, Str/Int -1)
                  | [potion of mutation]
 19949 | D:11     | Killed Fannar
 20327 | D:11     | Killed a death yak
 20523 | D:11     | Found a staircase to the Lair.
 20613 | Lair:1   | Entered Level 1 of the Lair of Beasts
 21389 | Lair:1   | Reached XP level 13. HP: 80/94 MP: 0/0
 21389 | Lair:1   | Learned a level 5 spell: Alistair's Intoxication
 21720 | Lair:1   | Found a runed translucent door.
 22303 | Lair:1   | Reached skill level 10 in Spellcasting
 22530 | Lair:1   | Reached skill level 5 in Dodging
 22869 | Lair:1   | Noticed Nedank's ghost (journeyman NaNe)
 23168 | Lair:2   | Noticed Erica
 23672 | Lair:2   | Found a frozen archway.
 24463 | Lair:2   | Killed Erica
 24814 | Lair:3   | Found a staircase to the Snake Pit.
 24933 | Lair:3   | Noticed a four-headed hydra
 24945 | Lair:3   | Killed a four-headed hydra
 24946 | Lair:3   | Reached XP level 14. HP: 85/101 MP: 0/0
 25492 | Lair:3   | Reached skill level 11 in Spellcasting
 25568 | Lair:3   | Found a staircase to the Shoals.
 26640 | Lair:4   | Reached skill level 12 in Spellcasting
 26766 | Lair:4   | Found a hazy altar of Hepliaklqana.
 27142 | Lair:5   | Entered Level 5 of the Lair of Beasts
 27153 | Lair:5   | Reached ****** piety under Uskayaw
 27308 | Lair:5   | Found a gate leading to a gauntlet.
 27314 | Lair:5   | Noticed Nessos
 27733 | Lair:5   | Killed Nessos
 27737 | Lair:5   | Reached skill level 13 in Spellcasting
 27740 | Lair:5   | Noticed Sonja
 27744 | Lair:5   | Killed Sonja
 27929 | Lair:5   | Blown up by an eye of devastation

Illustrated notes

Levels and vault maps discovered:
D:1:      dpeg_arrival_line_fractal, layout_loops_ring,
          dreamdust_ecumenical_altar_sealed_demon, chequers_mini_garden,
          nicolae_hexahallways, hangedman_abyss_or_decor_lesser_grid
D:2:      layout_basic
D:3:      layout_basic
D:4:      layout_layer_cave, serial_shops, shop, nicolae_ossuary_entry_monument,
          gammafunk_ghost_mausoleum, minmay_cut_off, uniq_duvessa
D:5:      layout_basic, mainiacjoe_overflow_chevrons,
          biasface_ghost_orc_armoury, minmay_small_thing
D:6:      layout_loops_corners, temple_doors_ab, gammafunk_ghost_hive,
          serial_shops, shop
D:7:      layout_loops_ring, overflow_temple_1_default
D:8:      layout_basic, nicolae_vehumet_radiance, serial_ice, serial_ice_n,
          serial_ice_a, serial_ice_o, serial_ice_g, serial_ice_j, serial_ice_e,
          serial_ice_c
D:9:      layout_cave_pods, mainiacjoe_overflow_surrounded_room, uniq_maurice
D:10:     layout_grid_maze, minmay_stone_trees_small, uniq_erolcha
D:11:     minmay_thinvault, layout_basic, dpeg_lair_monsters, uniq_fannar
Temple:   eino_narrow_crystal_temple
Lair:1:   layout_regular_city, ebering_ghost_inner_flame, st_stairs_6
Lair:2:   layout_regular_city, portal_ice_cave_entry_imps, grunt_megastairs_2,
          serial_bayou_shore_a, uniq_erica
Lair:3:   layout_gridlike, elwin_shoals_entry_rooms,
          minmay_snake_entry_guardpost_large, st_stairs_4, lemuel_fruit_tree
Lair:4:   layout_cave_pods, basic_altar
Lair:5:   hangedman_lair_caniforms_friends, layout_cave_shapes, wormcave,
          minmay_slime_entry_eyes, gammafunk_ghost_ooze, gauntlet_entry_generic,
          infiniplex_staircase_pool_2, uniq_sonja, uniq_nessos

Skill      XL: |  1  2  3  4  5  6  7  8  9 10 11 12 13 14 |
---------------+-------------------------------------------+-----
Spellcasting   | 3 4 5 6 8 9 10 13 | 13.4
Fighting       | 2 5 7 9 |  9.0
Long Blades    | 2 4 6 8 |  8.2
Armour         | 2 5 7 9 |  9.1
Evocations     | 2 5 8 |  8.0
Dodging        | 7 8 |  8.0
Stealth        | |  1.5

Action                   |  1- 3 |  4- 6 |  7- 9 | 10-12 | 13-15 || total
-------------------------+-------+-------+-------+-------+-------++-------
Melee: Dagger            |    28 |     7 |     8 |       |       ||    43
       Great sword       |       |       |       |   188 |    98 ||   286
 Cast: Foxfire           |    59 |   133 |   148 |     5 |    23 ||   368
       Scorch            |       |    18 |    20 |    21 |    25 ||    84
       Mephitic Cloud    |       |       |     4 |    17 |     1 ||    22
       Flame Wave        |       |       |    18 |    93 |    78 ||   189
       Kindle Blastspark |       |       |       |     8 |       ||     8
       Slow              |       |       |       |    11 |     3 ||    14
       Leda's Liquefacti |       |       |       |     6 |     8 ||    14
       Anguish           |       |       |       |     4 |     6 ||    10
       Inner Flame       |       |       |       |       |    14 ||    14
Invok: Stomp             |       |       |       |     4 |       ||     4
Evoke: Wand              |       |       |       |    14 |    13 ||    27
  Use: Scroll            |     6 |       |     6 |    16 |     7 ||    35
       Potion            |       |       |       |    11 |     3 ||    14
 Stab: Sleeping          |     1 |       |       |       |     1 ||     2
       Confused          |       |       |       |     4 |       ||     4
       Paralysed         |       |       |       |     4 |     3 ||     7
Armor: Robe              |     8 |     4 |    12 |    13 |       ||    37
       Chain mail        |       |       |       |   207 |       ||   207
       Skin              |       |       |       |    15 |       ||    15
       Acid dragon scale |       |       |       |    38 |    82 ||   120
Dodge: Dodged            |    13 |    38 |    18 |   228 |   283 ||   580

Table legend: (Time is in decaauts)
 A = Elapsed time spent in this place.
 B = Non-inter-level travel time spent in this place.
 C = Inter-level travel time spent in this place.
 D = Time resting spent in this place.
 E = Time spent auto-exploring this place.
 F = Levels seen in this place.
 G = Mean time per level.
                   A        B        C        D        E       F      G
               +--------+--------+--------+--------+--------+-----+--------+
         Total |  28071 |  26899 |   1172 |  13177 |   9384 |  18 | 1559.5 |
       Dungeon |  19069 |  18024 |   1045 |   8403 |   6867 |  11 | 1733.5 |
        Temple |     83 |     69 |     14 |      0 |     57 |   1 |   83.0 |
          Lair |   7190 |   7078 |    112 |   3420 |   2324 |   5 | 1438.0 |
       Ossuary |   1727 |   1727 |      0 |   1354 |    136 |   1 | 1727.0 |
               +--------+--------+--------+--------+--------+-----+--------+

Top non-repeatable levels by time:
    D:11: 3052 daAuts
     D:8: 2936 daAuts
  Lair:1: 2612 daAuts
     D:7: 2423 daAuts
    D:10: 2401 daAuts
 Ossuary: 1727 daAuts
  Lair:4: 1515 daAuts
     D:5: 1479 daAuts
  Lair:3: 1412 daAuts
  Lair:2: 1403 daAuts
     D:4: 1345 daAuts
     D:9: 1320 daAuts
     D:1: 1136 daAuts
     D:6: 1050 daAuts
     D:3: 988 daAuts
